Description

-

Replay - Terran drop 4 medivacs

Build Order

Get SALT Encoding   

  12  0:01  SCV  
  13  0:15  SCV  
  13  0:17  Supply Depot  
  14  0:28  SCV  
  15  0:30  Refinery  
  15  0:40  SCV  
  16  0:46  Barracks  
  16  0:52  SCV  
  17  1:04  SCV  
  18  1:16  SCV  
  19  1:33  Reaper, Orbital Command  
  20  1:46  Command Center  
  20  1:57  Factory  
  20  2:01  SCV  
  20  2:07  Refinery  
  21  2:10  Barracks Reactor  
  21  2:15  SCV  
  22  2:23  Supply Depot  
  22  2:27  SCV  
  23  2:42  Factory Tech Lab  
  23  2:44  Starport  
  24  2:52  Marine x2  
  24  2:58  Orbital Command  
  27  3:07  Siege Tank  
  27  3:12  Marine  
  32  3:21  Starport Reactor  
  32  3:26  Marine x2  
  36  3:39  Siege Tank  
  39  3:46  Marine x2, Supply Depot  
  45  3:56  Refinery  
  45  4:07  Supply Depot  
  47  4:14  Medivac x2  
  51  4:19  Marine x2  
  54  4:27  Supply Depot  
  56  4:32  Siege Tank  
  56  4:37  Marine  
  62  4:49  Medivac  
  65  4:57  Medivac  
  72  5:12  Siege Tank  
  75  5:15  Barracks  
  79  5:36  Command Center  
  79  5:40  Refinery  
  83  5:43  Engineering Bay  
  83  5:54  Medivac x2, Siege Tank  
  93  6:04  Barracks Tech Lab  
  94  6:15  Terran Infantry Weapons Level 1  
  93  6:31  Siege Tank, Stimpack  
  94  6:46  Barracks x3  
  94  6:49  Factory  
  94  6:51  Engineering Bay  
  94  6:53  Armory  
  98  7:00  Orbital Command  
  102  7:21  Terran Infantry Armor Level 1, Orbital Command  
  104  7:36  Barracks Reactor x3  
  108  7:39  Factory Tech Lab, Siege Tank  
  108  7:41  Medivac x2  
  119  8:01  Refinery x2  
  119  8:08  Siege Tank  
  133  8:35  Siege Tank  
  133  8:36  Medivac  
  172  9:18  Command Center  
Spawning Tool Build Advisor. Get it on Overwolf

Analysis

-

Go to:

Details

  • Created by: Michauter
  • Published on: Jan 14, 2018
  • Modified on: Jan 14, 2018
  • Patch: 4.0.0
Show
View Real Time Build Order
Export as new Build Order

Comments (0)

There are no comments. Be the first!

Create an account to comment!